 Dungeon Crawl Stone Soup version 0.21.0 (webtiles) character file.

7 Hekarica the Magician (level 1, -1/13 HPs)
             Began as a Mummy Fire Elementalist on May 24, 2018.
             Slain by a goblin
             ... wielding a cursed -1 club
              (2 damage)
             ... on level 1 of the Dungeon.
             The game lasted 00:01:13 (174 turns).

Hekarica the Magician (Mummy Fire Elementalist)      Turns: 174, Time: 00:01:14

Health: -1/13      AC:  2    Str: 11    XL:     1   Next: 83%
Magic:  2/4        EV: 12    Int: 14    God:
Gold:   25         SH:  0    Dex: 12    Spells: 4/5 levels left

rFire    x . .     SeeInvis .   d - +0 dagger
rCold    + . .     Gourm    .   (no shield)
rNeg     + + +     Faith    .   c - +0 robe
rPois    ∞         Spirit   .   (no helmet)
rElec    .         Reflect  .   (no cloak)
rCorr    .         Harm     .   (no gloves)
MR       .....                  (no boots)
Stlth    ++........             (no amulet)
HPRegen  0.04/turn              (no ring)
MPRegen  0.09/turn              (no ring)

@: no status effects
A: no food or potions, fire vulnerability, cold resistance 1, negative energy
resistance 3, torment resistance, unbreathing
a: no special abilities


You were on level 1 of the Dungeon.
You were not hungry.

You visited 1 branch of the dungeon, and saw 1 of its levels.

You collected 25 gold pieces.

Inventory:

Hand Weapons
 d - a +0 dagger (weapon)
Armour
 a - a +0 robe
 c - a +0 robe (worn)
Books
 b - a book of Flames

   Spells                             Type                      Level
   a - Flame Tongue                   Conjuration/Fire             1
   b - Throw Flame                    Conjuration/Fire             2
   c - Conjure Flame                  Conjuration/Fire             3
   d - Inner Flame                    Hexes/Fire                   3
   e - Sticky Flame                   Conjuration/Fire             4
   f - Fireball                       Conjuration/Fire             5


   Skills:
 * Level 1.7 Dodging
 * Level 1.7 Stealth
 + Level 2.8 Spellcasting
 * Level 1.0 Conjurations
 * Level 2.5 Fire Magic


You had 4 spell levels left.
You knew the following spells:

 Your Spells              Type           Power        Failure   Level  Hunger
a - Flame Tongue          Conj/Fire      #....        11%         1    N/A

Dungeon Overview and Level Annotations

Branches:
Dungeon (1/15)

Altars:


Innate Abilities, Weirdness & Mutations

You do not eat or drink.
Your flesh is vulnerable to fire.
You are immune to poison.
Your flesh is cold resistant. (rC+)
You are immune to negative energy. (rN+++)
You are immune to unholy pain and torment.
You can survive without breathing.


Message History

The goblin hits you with a club.
* * * LOW HITPOINT WARNING * * *
The frilled lizard unfolds its giant frill.
The frilled lizard bites you.
* * * LOW HITPOINT WARNING * * *
The goblin barely misses you.
You miss the frilled lizard. The frilled lizard closely misses you.
The goblin hits you but does no damage.
You hit the frilled lizard but do no damage.
The frilled lizard misses you. The goblin misses you.
You hit the frilled lizard but do no damage.
The frilled lizard closely misses you. The hobgoblin hits you.
* * * LOW HITPOINT WARNING * * *
The goblin closely misses you.
You closely miss the frilled lizard. The frilled lizard misses you.
The hobgoblin closely misses you. The goblin hits you but does no damage.
You hit the frilled lizard.
You kill the frilled lizard!
The hobgoblin barely misses you. The goblin hits you with a club.
You die...

.................
...........h.....
..............%.(
................
####..).......[.#
...........#.#
..##..#..?..#.#
.........g.#†#
###....$..#@#
##.......gg# .#
#...).....g..# .#
#............#
#####
#...........##
..).###...........#
###............>.##
..................
#######...........


You could see a jackal (wandering), 2 hobgoblins and a goblin.

Vanquished Creatures
  A goblin (D:1)
  A hobgoblin (D:1)
  2 bats (D:1)
  2 frilled lizards (D:1)
  A kobold (D:1)
  A rat (D:1)
8 creatures vanquished.

Notes
Turn   | Place    | Note
-------+----------+-------------------------------------------
     0 | D:1      | Hekarica the Mummy Fire Elementalist began the quest for the Orb.
     0 | D:1      | Reached XP level 1. HP: 13/13 MP: 4/4
   139 | D:1      | Reached skill level 1 in Conjurations
   174 | D:1      | Slain by a goblin

Skill      XL: |  1 |
---------------+----+-----
Conjurations   | 1 |  1.0
Dodging        | |  1.7
Stealth        | |  1.7
Spellcasting   | |  2.8
Fire Magic     | |  2.5

Action                   || total
-------------------------++-------
Melee: Dagger            ||     5
       Unarmed           ||     5
 Cast: Flame Tongue      ||    10
Armor: Robe              ||     4
Dodge: Dodged            ||    20
